 Dungeon Crawl Stone Soup version 0.28.0-47-ge53b351184 (webtiles) character file.

Game seed: 15786039124389267508

15494 CryoSword the Grappler (level 10, -5/102 HPs)
             Began as a Troll Fighter on May 3, 2022.
             Was a High Priest of Ru.
             Slain by a seven-headed hydra (6 damage)
             ... on level 1 of the Lair of Beasts.
             The game lasted 00:25:24 (9902 turns).

CryoSword the Grappler (Troll Fighter)              Turns: 9902, Time: 00:25:25

Health: -5/102     AC: 10    Str: 32    XL:     10   Next: 1%
Magic:  15/18      EV:  7    Int:  8    God:    Ru [*****.]
Gold:   1200       SH: 11    Dex:  9    Spells: 7/9 levels left

rFire   . . .      SeeInvis .   c - +2 morningstar (freeze)
rCold   . . .      Faith    +   b - +2 kite shield
rNeg    . . .      Spirit   .   H - +0 acid dragon scales
rPois   .          Reflect  .   (helmet restricted)
rElec   .          Harm     .   q - +0 cloak
rCorr   +          Rampage  .   (gloves unavailable)
Will    .....                   (boots unavailable)
Stlth   +.........              p - amulet of faith {!P}
HPRegen 1.07/turn               s - ring of magical power
MPRegen 0.16/turn               t - +6 ring of strength

@: no status effects
A: large, unfitting armour, claws 3, regeneration 1, shaggy fur 1, tough skin 1,
inability to use devices, inability to train dodging, inexperienced 1
a: Renounce Religion, Draw Out Power, Power Leap, Apocalypse


You were on level 1 of the Lair of Beasts.
You worshipped Ru.
Ru was extremely pleased with you.
You visited 2 branches of the dungeon, and saw 13 of its levels.
You also visited: Ossuary and Bailey.

You collected 1732 gold pieces.
You spent 532 gold pieces at shops.

Inventory:

Hand Weapons
 c - a +2 morningstar of freezing (weapon)
   (You took it off a wight on level 8 of the Dungeon)
Missiles
 e - 5 silver javelins
 j - 7 atropa-tipped darts
 o - 6 boomerangs (quivered)
 v - 7 poisoned darts
 w - 6 javelins
 D - 5 large rocks
Armour
 b - a +2 kite shield (worn)
 i - a scarf of harm
   (You found it on level 1 of the Dungeon)
 q - a +0 cloak (worn)
   (You found it on level 5 of the Dungeon)
 H - +0 acid dragon scales (worn)
   (You found it on level 8 of the Dungeon)
Jewellery
 p - an amulet of faith (around neck) {!P}
   (You found it on level 3 of the Dungeon)
 s - a ring of magical power (left claw)
   (You found it on level 4 of the Dungeon)
 t - a +6 ring of strength (right claw)
   (You took it off Duvessa on level 4 of the Dungeon)
Scrolls
 a - a scroll of silence
 d - 9 scrolls of teleportation {@r4}
 f - 2 scrolls of magic mapping
 h - a scroll of identify {@r1}
 k - 3 scrolls of fog {unknown}
 n - a scroll of noise {unknown}
 x - a scroll of fear {unknown}
 A - a scroll of blinking {unknown}
Potions
 g - 3 potions of curing {@q1}
 l - 6 potions of lignification {!q}
 m - a potion of attraction {!q}
 r - a potion of cancellation
 u - 3 potions of mutation {!q}
 z - 2 potions of berserk rage
 B - a potion of magic {unknown}
 E - a potion of resistance
 F - a potion of ambrosia {unknown}
 G - a potion of might
 I - 2 potions of heal wounds {@q2}
 J - a potion of flight
 K - 2 potions of haste {@q3}


   Skills:
 + Level 7.5 Fighting
 + Level 6.9 Throwing
 - Level 4.0 Armour
 + Level 7.5 Shields
 * Level 12.1 Unarmed Combat
 - Level 3.2 Transmutations


You had 7 spell levels left.
You knew the following spells:

 Your Spells              Type           Power      Damage    Failure   Level
a - Wereblood             Tmut           5%         N/A       38%         2

Your spell library contained the following spells:

 Spells                   Type           Power      Damage    Failure   Level
 Slow                     Hex            0%         N/A       71%         1
 Corpse Rot               Necr/Air       0%         N/A       85%         2
 Sublimation of Blood     Necr           0%         N/A       85%         2
 Inner Flame              Hex/Fire       0%         N/A       97%         3
 Tukima's Dance           Hex            0%         N/A       97%         3
 Dispel Undead            Necr           0%         3d6       100%        4
 Leda's Liquefaction      Hex/Erth       0%         N/A       100%        4
 Passage of Golubria      Tloc           0%         N/A       100%        4
 Blade Hands              Tmut           2%         N/A       100%        5
 Irradiate                Conj/Tmut      1%         3d14      100%        5
 Lee's Rapid Deconstruct  Erth           0%         3d5*      100%        5
 Metabolic Englaciation   Hex/Ice        0%         N/A       100%        5
 Yara's Violent Unravell  Hex/Tmut       1%         3d3       100%        5
 Death Channel            Necr           0%         N/A       100%        6
 Statue Form              Tmut/Erth      1%         N/A       100%        6
 Dragon Form              Tmut           2%         N/A       100%        7
 Summon Hydra             Summ           0%         N/A       100%        7
 Polar Vortex             Ice            0%         N/A       100%        9


Dungeon Overview and Level Annotations

Branches:
Dungeon (12/15)            Temple (0/1) D:6            Lair (1/6) D:8
    Orc (0/2) D:10        Ossuary (visited)          Bailey (visited)

Altars:
Ashenzari
Cheibriados
Gozag
Kikubaaqudgha
Makhleb
Okawaru
Ru
Trog
Vehumet

Shops:
D:8 !!

Annotations:
D:3 2 transporters, burn09's ghost, amateur HOFi


Innate Abilities, Weirdness & Mutations

You are too large for most types of armour.
You have claws for hands.
Your natural rate of healing is unusually fast.
You are covered in fur. (AC +1)
You have tough skin. (AC +1)
You cannot study or use magical devices.
You cannot train Dodging skill.
You are somewhat inexperienced. (-2 XL)


Message History

There is a stone staircase leading down here.
There is a stone staircase leading up here.
You climb upwards.
There is a stone staircase leading down here.
There is a stone staircase leading up, spattered with blood here.
Items here: )) [[[.
There is a staircase to the Lair here.
You climb downwards.
Welcome to the Lair of Beasts!
The yak bellows! x5
Found 17 gold pieces.
There is a staircase back to the Dungeon here.
There are monsters nearby!
The yak gores you!
You claw the yak! You claw the yak! You block the yak's attack.
You mangle the yak!!
You kill the yak!
You scratch the yak but do no damage. You block the yak's attack.
The yak completely misses the plant.
The yak gores the plant!
The plant begins to die.
The yak gores the plant!
The yak gores the plant.
You mangle the yak!! The yak gores you!
You focus your inner power and blind the yak in retribution!
You block the yak's attack.
You mangle the yak!!
The yak gores the plant!
The yak gores you!
The yak gores the plant!
You redirect the yak's attack!
The yak gores the yak but does no damage.
A nearby plant withers and dies.
You scratch the yak.
You kill the yak!
The yak gores you!
You see here a yak corpse.
You claw the yak! The yak gores you!
You mangle the yak!!
The yak is no longer blind.
The yak gores you!
You mangle the yak!!
You kill the yak!
The yak snorts and paws the ground.
You block the yak's attack.
You mangle the yak!! You mangle the yak!!
You kill the yak!
You mangle the yak!! The yak closely misses you.
You claw the yak! You block the yak's attack.
You closely miss the yak. The yak barely misses you.
You mangle the yak!!
You kill the yak!
Things that are here:
a yak corpse; a yak corpse
There is a staircase back to the Dungeon here.
You now have 1185 gold pieces (gained 17).
A wyvern comes into view.
Found 15 gold pieces and a potion of haste.
The wyvern hisses angrily.
You hear a bellow!
A yak comes into view.
There are monsters nearby!
There are monsters nearby!
A bullfrog comes into view.
You block the wyvern's attack.
A yak comes into view. x2
The bullfrog croaks.
The yak bellows!
You mangle the wyvern!!
You kill the wyvern!
A yak comes into view. x2 3 yaks come into view.
The yak bellows! x5; You hear a bellow!
The yak snorts and paws the ground.
A yak comes into view. x2
You hear a bellow!
A yak comes into view.
The yak bellows! x2
The bullfrog barely misses you.
The yak is stunned by your conviction and fails to attack.
You barely miss the yak.
The bullfrog hits you but does no damage.
Activating: Apocalypse You reveal the great annihilating truth to your foes!
You kill the yak!
You kill the bullfrog!
You kill the yak!
The yak is paralysed by terrible understanding!
You kill the yak! x8
You feel drained.
You hear a howl! x3; You hear a roar!
You hear a howl! x2; You hear a croak.
You hear an angry hiss. x2
Your life force feels restored.
Your Unarmed Combat skill increases to level 12!
Unknown command.
Unknown command.
The helpless yak fails to defend itself.
You mangle the yak!!
You kill the yak!
Welcome back to level 10!
You now have 1200 gold pieces (gained 15).
K - 2 potions of haste {@q3} (gained 1)
Found a faintly humming ring mail.
h - a scroll of identify {@r1} A bullfrog comes into view.
A seven-headed hydra comes into view.
Found 22 gold pieces.
You block the bullfrog's attack.
You barely miss the bullfrog. You block the bullfrog's attack.
The bullfrog is stunned by your conviction and fails to attack.
You mangle the bullfrog!!
You kill the bullfrog!
Training target 4.0 for Armour reached!
Your Armour skill increases to level 4!
Found a stone staircase leading down.
The seven-headed hydra bites you!
You block the seven-headed hydra's attack.
The seven-headed hydra bites you! x2
You block the seven-headed hydra's attack.
The seven-headed hydra bites you!
The seven-headed hydra bites you but does no damage.
You are too injured to fight recklessly!
Unknown command.
Your +2 morningstar of freezing glows with a cold blue light!
c - a +2 morningstar of freezing (weapon)
You impale the seven-headed hydra!!
The seven-headed hydra seems to slow down.
You freeze the seven-headed hydra!
You redirect the seven-headed hydra's attack!
The seven-headed hydra bites itself. x2; The seven-headed hydra bites itself!
The seven-headed hydra barely misses itself. x2
The seven-headed hydra bites itself! x2
You barely miss the seven-headed hydra. The seven-headed hydra bites you!
You focus your inner power and blind the seven-headed hydra in retribution!
The seven-headed hydra barely misses you.
The seven-headed hydra bites you.
You block the seven-headed hydra's attack. x2
The seven-headed hydra bites you!
* * * LOW HITPOINT WARNING * * *
You focus your inner power and blind the seven-headed hydra in retribution!
The seven-headed hydra bites you!
* * * LOW HITPOINT WARNING * * *
The seven-headed hydra is no longer moving slowly.
You hit the seven-headed hydra.
The seven-headed hydra seems to slow down.
You freeze the seven-headed hydra.
You feel less exhausted. The seven-headed hydra bites you!
* * * LOW HITPOINT WARNING * * *
The seven-headed hydra bites you!
* * * LOW HITPOINT WARNING * * *
The seven-headed hydra bites you!
* * * LOW HITPOINT WARNING * * *
The seven-headed hydra bites you.
* * * LOW HITPOINT WARNING * * *
The seven-headed hydra bites you.
* * * LOW HITPOINT WARNING * * *
The seven-headed hydra barely misses you.
The seven-headed hydra bites you.
You die...

######## ####### ###
##.#..#.########..##.####..
.$.........................
...........................
......................##...
##.##...D@........#+#.##..
#.#######........##...
#.>....#. ##....#.⌠.+....
#........###....#....#....
#..###.......###.....#..#..
..# #.#............##.....
. ..###....⌠............
### ##...†...##.......
#..⌠...†....#.## #


You could see a seven-headed hydra (blind, slow).

Vanquished Creatures
  A boulder beetle (D:8)
  A hydra (D:11)
  Urug (D:11)
  3 two-headed ogres
  A necromancer (D:11)
  Joseph (D:7)
  An unseen horror (D:10)
  A kobold demonologist (D:9)
  A troll (D:11)
  2 hornets
  Sigmund (D:3)
  A shadow (D:11)
  30 yaks
  2 wyverns
  A wraith (D:11)
  A steam dragon (D:7)
  Menkaure (D:4)
  5 acid dragons
  Duvessa (D:4)
  5 water moccasins
  6 orc warriors
  An ice beast (D:6)
  A sky beast (D:7)
  2 necrophages
  6 centaurs
  A phantom (D:6)
  An elf zombie (D:6)
  8 bullfrogs
  4 scorpions
  An elf skeleton (D:6)
  Dowan (D:4)
  A water moccasin skeleton (D:7)
  7 killer bees (D:9)
  3 wights (D:8)
  An electric eel (D:11)
  2 howler monkeys
  A hound (D:5)
  2 jellies
  A human zombie (D:6)
  An orc priest (D:11)
  2 human skeletons (D:6)
  3 orc wizards
  Terence (D:2)
  4 iguanas
  A killer bee zombie (D:8)
  3 polar bear simulacra (D:11)
  A yak simulacrum (D:11)
  3 wolf simulacra (D:11)
  13 mummies (Ossuary)
  6 adders
  2 white imps
  An ufetubus (D:6)
  3 worms
  3 dart slugs
  23 orcs
  6 endoplasms
  2 giant cockroaches (D:1)
  4 goblins
  9 hobgoblins
  6 quokkas
  4 ball pythons
  8 bats
  3 frilled lizards
  3 gnoll skeletons (Ossuary)
  A goblin skeleton (Ossuary)
  8 kobolds
  A kobold skeleton (Ossuary)
  4 orc skeletons
  12 rats
  11 rat skeletons (Ossuary)
  4 river rat simulacra (D:11)
267 creatures vanquished.

Vanquished Creatures (others)
  A troll (D:10)
  An orc (Bailey)
  37 fungi
  43 plants
82 creatures vanquished.

Grand Total: 349 creatures vanquished

Notes
Turn   | Place    | Note
-------+----------+-------------------------------------------
     0 | D:1      | CryoSword the Troll Fighter began the quest for the Orb.
     0 | D:1      | Reached XP level 1. HP: 22/22 MP: 0/0
   135 | D:1      | Found a bloodstained altar of Trog.
   159 | D:1      | Reached XP level 2. HP: 29/29 MP: 1/1
   390 | D:1      | Found a faded altar of an unknown god.
   613 | D:1      | Reached XP level 3. HP: 33/36 MP: 2/2
   996 | D:2      | Reached skill level 3 in Unarmed Combat
  1154 | D:2      | Noticed Terence
  1160 | D:2      | Killed Terence
  1161 | D:2      | Reached XP level 4. HP: 45/45 MP: 3/3
  1588 | D:3      | Noticed a centaur
  1747 | D:3      | Noticed Sigmund
  1762 | D:3      | Killed Sigmund
  1763 | D:3      | Reached skill level 4 in Unarmed Combat
  1763 | D:3      | Reached XP level 5. HP: 53/53 MP: 4/4
  1763 | D:3      | Reached XP level 6. HP: 61/61 MP: 5/5
  1825 | D:3      | Found a transporter.
  1966 | D:3      | Found a transporter.
  1970 | D:3      | Noticed burn09's ghost (amateur HOFi)
  2141 | D:3      | Reached skill level 5 in Unarmed Combat
  2278 | D:4      | Noticed Dowan
  2346 | D:4      | Noticed Menkaure
  2851 | D:4      | Killed Menkaure
  2852 | D:4      | Reached XP level 7. HP: 68/68 MP: 6/6
  3014 | D:4      | Noticed Duvessa
  3026 | D:4      | Killed Duvessa
  3027 | D:4      | Reached skill level 1 in Throwing
  3033 | D:4      | Killed Dowan
  3034 | D:4      | Reached skill level 6 in Unarmed Combat
  3158 | D:5      | Entered Level 5 of the Dungeon
  3208 | D:5      | Found a broken altar of Ashenzari.
  3249 | D:5      | Found a snail-covered altar of Cheibriados.
  3311 | D:5      | Found an opulent altar of Gozag.
  3342 | D:5      | Found a burning altar of Makhleb.
  3447 | D:5      | Reached XP level 8. HP: 77/79 MP: 7/7
  3776 | D:6      | Reached skill level 7 in Unarmed Combat
  3857 | D:6      | Found an ancient bone altar of Kikubaaqudgha.
  3857 | D:6      | Found a sacrificial altar of Ru.
  3860 | D:6      | Became a worshipper of Ru the Awakened
  3903 | D:6      | Found a staircase to the Ecumenical Temple.
  3942 | D:6      | Found a sand-covered staircase.
  3949 | D:6      | Reached skill level 5 in Fighting
  3952 | Ossuary  | Entered an ossuary
  3988 | Ossuary  | Reached skill level 5 in Shields
  4406 | D:6      | Reached skill level 8 in Unarmed Combat
  4577 | D:6      | Reached XP level 9. HP: 81/88 MP: 8/8
  4897 | D:7      | Noticed Joseph
  4927 | D:7      | Killed Joseph
  5074 | D:7      | Noticed a cyan ugly thing
  5557 | D:8      | Gained mutation: You cannot train Dodging skill. [Ru
                  | sacrifice]
  5557 | D:8      | Reached * piety under Ru
  5564 | D:8      | Found a staircase to the Lair.
  5570 | D:8      | Reached skill level 9 in Unarmed Combat
  5670 | D:8      | Found Xoggiol's Distillery.
  5678 | D:8      | Bought 2 potions of degeneration for 26 gold pieces
  5678 | D:8      | Bought a potion of heal wounds for 65 gold pieces
  5678 | D:8      | Bought a potion of flight for 39 gold pieces
  5678 | D:8      | Bought a potion of brilliance for 52 gold pieces
  5679 | D:8      | Identified a scroll of acquirement
  5681 | D:8      | Acquired 794 gold pieces
  5762 | D:8      | Found Ycved's Distillery.
  5766 | D:8      | Bought a potion of lignification for 42 gold pieces
  5766 | D:8      | Bought a potion of might for 56 gold pieces
  5766 | D:8      | Bought a potion of mutation for 112 gold pieces
  5766 | D:8      | Bought a potion of haste for 140 gold pieces
  5832 | D:8      | Noticed a two-headed ogre
  6015 | D:8      | Noticed a boulder beetle
  6222 | D:8      | Killed a two-headed ogre
  6223 | D:8      | Reached skill level 5 in Throwing
  6223 | D:8      | Reached XP level 10. HP: 92/98 MP: 9/9
  6274 | D:8      | Killed a boulder beetle
  6275 | D:8      | Reached skill level 1 in Armour
  6275 | D:8      | Reached skill level 10 in Unarmed Combat
  6610 | D:9      | Noticed an orange demon
  6773 | D:9      | Learned a level 2 spell: Wereblood
  6810 | D:9      | Found an iron altar of Okawaru.
  6872 | D:9      | Found a flagged portal.
  6949 | Bailey   | Entered a bailey
  6971 | Bailey   | Gained mutation: You cannot study or use magical devices.
                  | [Ru sacrifice]
  6971 | Bailey   | Reached ** piety under Ru
  6971 | Bailey   | Reached *** piety under Ru
  7134 | Bailey   | Reached skill level 1 in Transmutations
  7301 | Bailey   | Identified the +14 crystal plate armour of Kaceclae {Regen+
                  | rCorr Str+3 Slay+3}
  7847 | D:10     | Entered Level 10 of the Dungeon
  7879 | D:10     | Reached XP level 11. HP: 77/107 MP: 10/10
  7973 | D:10     | Reached skill level 11 in Unarmed Combat
  7981 | D:10     | Found a radiant altar of Vehumet.
  8216 | D:10     | Noticed a two-headed ogre
  8229 | D:10     | Killed a two-headed ogre
  8370 | D:10     | Paralysed by a hornet for 2 turns
  8424 | D:10     | Noticed a two-headed ogre
  8491 | D:10     | Killed a two-headed ogre
  8552 | D:10     | Found a staircase to the Orcish Mines.
  8555 | D:10     | Got the Collected Works on Ensnaring Cold
  8679 | D:11     | Gained mutation: You are somewhat inexperienced. (-2 XL)
                  | [Ru sacrifice]
  8679 | D:11     | Reached XP level 10. HP: 91/102 MP: 18/18
  8679 | D:11     | Reached XP level 9. HP: 91/93 MP: 17/17
  8679 | D:11     | Reached **** piety under Ru
  8679 | D:11     | Reached ***** piety under Ru
  9120 | D:11     | Noticed Urug
  9144 | D:11     | Killed Urug
  9290 | D:11     | Noticed a necromancer
  9296 | D:11     | Killed a necromancer
  9491 | D:12     | Noticed an eight-headed hydra
  9532 | D:12     | Noticed a five-headed hydra
  9571 | D:11     | Killed a nine-headed hydra
  9771 | Lair:1   | Entered Level 1 of the Lair of Beasts
  9863 | Lair:1   | Reached skill level 12 in Unarmed Combat
  9865 | Lair:1   | Reached XP level 10. HP: 89/102 MP: 9/9
  9889 | Lair:1   | Noticed a seven-headed hydra
  9902 | Lair:1   | HP: 1/102 [seven-headed hydra (5)]
  9902 | Lair:1   | Slain by a seven-headed hydra

Illustrated notes

Levels and vault maps discovered:
D:1:      amcnicky_arrival_double_pillar, layout_basic,
          ebering_ecumenical_altar_abandoned, moated_statue,
          kennysheep_flooded_box, chequers_serial_rivers_micro_b,
          chequers_serial_rivers_small_3
D:2:      layout_loops_ring, minmay_surrounded, uniq_terence
D:3:      layout_loops_ring, gammafunk_ghost_abyssal_escape,
          minmay_misc_feat_roman, roderic_roman_lattice, uniq_sigmund
D:4:      layout_basic, uniq_duvessa, uniq_menkaure
D:5:      layout_cave_pools, nicolae_gozag_seed_capital,
          mainiacjoe_overflow_large_starburst, bloody_makhleb, kennysheep_dice
D:6:      nicolae_cairo_tiling_large, layout_basic,
          gammafunk_temple_overflow_elements, minmay_temple_entry_wispy,
          nicolae_ossuary_entry_catacombs
D:7:      layout_gridville, minmay_misc_feat_x, lightli_corner_chamber,
          uniq_joseph
D:8:      layout_loops_ring, due_lair_maze_entry_diamond, serial_shops, shop,
          shop, minmay_diced_spiral
D:9:      layout_irregular_city, mainiacjoe_overflow_boulevard, enter_bailey_2
D:10:     layout_rooms, amcnicky_altar_gilded, orc_0_dummy, serial_aquarium,
          aquarium_bridge_square [aquarium_subvault_balcony,
          aquarium_subvault_bridge, aquarium_subvault_window,
          aquarium_subvault_window], aquarium_bridge_square
          [aquarium_subvault_bridge, aquarium_subvault_wall,
          aquarium_subvault_bridge, aquarium_subvault_bridge],
          aquarium_window_fake, aquarium_window_2, aquarium_view_2e,
          aquarium_pool_side
D:11:     layout_big_octagon, eino_house_with_fridge, uniq_urug
D:12:     minmay_klotski, layout_cave_pools, minmay_holes
Lair:1:   layout_chaotic_city, grunt_megastairs_4, infiniplex_staircase_pool_2

Skill      XL: |  1  2  3  4  5  6  7  8  9 10 11 |
---------------+----------------------------------+-----
Unarmed Combat | 3 4 5 6 8 12 10 11 | 12.1
Fighting       | 3 4 5 6 7 |  7.5
Shields        | 3 4 5 6 7 |  7.5
Throwing       | 2 3 5 6 |  6.9
Dodging        | 0 |  0.0
Armour         | 4 3 |  4.0
Transmutations | 3 1 2 |  3.2

Action                   |  1- 3 |  4- 6 |  7- 9 | 10-12 || total
-------------------------+-------+-------+-------+-------++-------
Melee: Unarmed           |   115 |    92 |   374 |   207 ||   788
       Morningstar       |       |       |       |     3 ||     3
Throw: Boomerang         |       |       |     5 |    20 ||    25
       Large rock        |       |       |     3 |     2 ||     5
       Dart              |       |       |       |     4 ||     4
Invok: Draw Out Power    |       |       |     1 |     1 ||     2
       Apocalypse        |       |       |     1 |       ||     1
       Sacrifice Nimblen |       |       |     1 |       ||     1
       Sacrifice Experie |       |       |     1 |       ||     1
       Sacrifice Artific |       |       |       |     1 ||     1
  Use: Scroll            |     3 |     2 |    15 |       ||    20
       Potion            |       |     2 |     3 |       ||     5
 Stab: Sleeping          |     1 |       |       |       ||     1
       Paralysed         |       |       |     3 |       ||     3
       Invisible         |       |       |       |     4 ||     4
Armor: Robe              |    40 |    28 |    37 |       ||   105
       Skin              |       |     5 |       |       ||     5
       Acid dragon scale |       |       |    33 |    55 ||    88
Dodge: Dodged            |    44 |    40 |    92 |    45 ||   221
Block: Kite shield       |    33 |    33 |   148 |   108 ||   322
